AoeStats
← KaLong

African Clearing

507010132Analyzed
4v4 RM · 17d ago on Sep 16, 2026· 21m 30s· 8 players
Game mode
Random Map
Map size
Large (8 player)
Population
200
Speed
Normal
Resources
Standard
Victory
Conquest
Starting age
Dark Age
Ending age
Imperial Age
RankedLock teamsTeams togetherTeam positionsShared explorationLock speedFull tech treeHidden civsTurbo modeCheats
Victory
Defeat
🇺🇸 Malay · United States
1670
+6
🇺🇸 Huns · United States
1532
+11
🇨🇳 Mongols · China
1496
+12
🇺🇸 Magyars · United States
1487
+12
🇩🇰 Lithuanians · Denmark
1448
-11
🇦🇺 Tupi · Australia
1437
-11
🇪🇨 Malay · Ecuador
1419
-10
🇪🇸 Magyars · Spain
1376
-9
Lord Longshaft
15:35 Feudal Age
16:50 Double-Bit Axe
17:26 Stone Mining
19:39 Castle Age
20:19 Fletching
Aspirante
9:15 Loom
11:51 Feudal Age
12:39 Double-Bit Axe
12:42 Man-at-Arms
21:07 Scale Mail Armor
Bleda the Hun
13:26 Feudal Age
11:58 Loom
14:19 Feudal Age
17:55 Castle Age
15:53 Stone Mining
16:32 Double-Bit Axe
17:10 Horse Collar
Maty
12:25 Loom
14:39 Feudal Age
14:23 Double-Bit Axe
16:26 Town Watch
16:42 Fishing Lines
22:03 Castle Age
21:21 Pikeman
BomBomB0
12:17 Feudal Age
12:21 Feudal Age
16:59 Castle Age
16:04 Scale Barding Armor
15:46 Double-Bit Axe
16:03 Horse Collar
16:29 Horse Collar
17:18 Loom
20:17 Husbandry
21:02 Forging
倉木華
5:56 Loom
13:16 Feudal Age
14:10 Double-Bit Axe
16:34 Scale Barding Armor
17:42 Horse Collar
23:25 Castle Age
21:11 Town Watch
KaLong
3:12 Loom
12:50 Feudal Age
18:34 Double-Bit Axe
[David]Dreamer
12:21 Loom
14:07 Feudal Age
15:20 Double-Bit Axe
15:31 Town Watch
18:08 Castle Age
16:04 Stone Mining
16:01 Horse Collar
17:04 Fletching
Connection lost

Rejoining the realm…

Still unreachable

The connection could not be restored.

Session expired

The server has moved on; the page needs a fresh start.